 Dungeon Crawl Stone Soup version 0.32-a0-558-g233958a4c4 (webtiles) character file.

Game seed: 16017589384256815026

155481 Dirtsage the Severer (level 17, 0/135 HPs)
             Began as a Coglin Gladiator on Feb 29, 2024.
             Was the Champion of Makhleb.
             Slain by a salamander
             ... wielding a +0 halberd
              (6 damage)
             ... on level 3 of the Snake Pit.
             The game lasted 01:21:12 (28169 turns).

Dirtsage the Severer (Coglin Gladiator)            Turns: 28169, Time: 01:21:12

Health: 0/135      AC: 21    Str: 23    XL:     17   Next: 65%
Magic:  23/23      EV:  5    Int: 10    God:    Makhleb [******]
Gold:   1601       SH:  0    Dex: 21    Spells: 16/16 levels left

rFire   + + .        k - +10 hand axe of Cullaot {flame, rElec rF+ Int+3 Dex+3}
rCold   + + +        H - +7 broad axe of Checkmate {holy, rElec Str+2 Stlth+}
rNeg    . . .        P - +0 scale mail {rPois}
rPois   +            r - +2 helmet
rElec   +            p - +2 cloak
rCorr   +            v - +0 pair of gloves of Koinorux {Rampage rC++}
SInv    .            o - +2 pair of boots
Will    ++...        (amulet unavailable)
Stlth   +            (ring unavailable)
HPRegen 0.42/turn    (ring unavailable)
MPRegen 0.18/turn    Z
                       - NW-60 neoencabulator {RevParry, rC+ Will+}

%: rampage
@: mighty, lethally poisoned (0 -> -8), resistant, weakened, slowed,
constricted, studying Maces & Flails, very slow
A: off-hand wielding, slow wielding, warmup strikes, no jewelry
a: Renounce Religion, Minor Destruction, Lesser Servant of Makhleb, Major
Destruction, Greater Servant of Makhleb


You were on level 3 of the Snake Pit.
You worshipped Makhleb.
Makhleb was exalted by your worship.
You visited 5 branches of the dungeon, and saw 26 of its levels.
You also visited: Sewer, Bailey and Gauntlet.

You collected 3405 gold pieces.
You spent 1804 gold pieces at shops.

Inventory:

Hand Weapons
 k - the +10 hand axe of Cullaot (weapon) {flame, rElec rF+ Int+3 Dex+3}
   (You found it on level 3 of the Dungeon)

   Int+3:     It affects your intelligence (+3).
   Dex+3:     It affects your dexterity (+3).
   rF+:       It protects you from fire.
   rElec:     It insulates you from electricity.
 H - the +7 broad axe of Checkmate (offhand) {holy, rElec Str+2 Stlth+}
   (You acquired it on level 1 of the Snake Pit)

   Str+2:     It affects your strength (+2).
   rElec:     It insulates you from electricity.
   Stlth+:    It makes you more stealthy.
Missiles
 J - 7 silver javelins
 K - 5 throwing nets (quivered)
 S - 3 curare-tipped darts
Armour
 o - a +2 pair of boots (worn)
 p - a +2 cloak (worn)
 r - a +2 helmet (worn)
 v - the +0 pair of gloves of Koinorux (worn) {Rampage rC++}
   (You acquired it on level 2 of the Orcish Mines)

   rC++:      It greatly protects you from cold.
   Rampage:   It bestows one free step when moving towards enemies.
 F - a +2 scale mail of fire resistance
 P - a +0 scale mail of poison resistance (worn)
Gizmo
 Z - a NW-60 neoencabulator (installed) {RevParry, rC+ Will+}
   (You invented it yourself on level 4 of the Lair of Beasts)

   [NW-60 neoencabulator]

   RevParry:  While fully Revved, you have +5 AC and your attacks may knock an
   enemy's weapon away.
   rC+:       It protects you from cold.
   Will+:     It increases your willpower.
Talismans
 s - a granite talisman
Wands
 C - a wand of flame (66)
 D - a wand of digging (20)
 M - a wand of paralysis (24)
 N - a wand of acid (13)
 R - a wand of roots (12)
 V - a wand of mindburst (26)
Scrolls
 a - 3 scrolls of immolation
 b - 3 scrolls of noise
 c - 4 scrolls of amnesia
 f - 3 scrolls of enchant armour
 g - 2 scrolls of fear
 i - 4 scrolls of identify
 t - 12 scrolls of teleportation
 x - 4 scrolls of revelation
 y - 2 scrolls of fog
 A - 2 scrolls of enchant weapon
 B - 5 scrolls of blinking
 O - a scroll of poison
 Q - 3 scrolls of torment
 T - 2 scrolls of butterflies
 W - a scroll of brand weapon
Potions
 d - 3 potions of might
 e - a potion of berserk rage
 h - 3 potions of haste
 j - a potion of attraction
 l - 4 potions of heal wounds
 n - 2 potions of resistance
 q - 5 potions of curing
 u - 8 potions of mutation
 w - 3 potions of magic
 z - 3 potions of invisibility
 E - a potion of cancellation {unknown}
 G - 2 potions of brilliance
 I - 3 potions of enlightenment
 L - 3 potions of lignification
 X - 2 potions of ambrosia
Miscellaneous
 m - a tin of tremorstones (2/2)
 U - a phial of floods


   Skills:
 + Level 12.7 Fighting
 - Level 18.0 Axes
 - Level 1.7 Throwing
 + Level 11.5 Armour
 + Level 8.1 Dodging
 + Level 8.8 Invocations
 - Level 11.7 Evocations
 * Level 10.1 Shapeshifting


You had 16 spell levels left.
You didn't know any spells.
Your spell library contained the following spells:

 Spells                   Type           Power      Damage    Failure   Level
 Blink                    Tloc           0%         N/A       75%         2
 Lesser Beckoning         Tloc           0%         N/A       75%         2
 Momentum Strike          Conj/Tloc      0%         3d8       75%         2
 Scorch                   Fire           0%         2d5       75%         2
 Call Canine Familiar     Summ           0%         N/A       93%         3
 Dazzling Flash           Conj/Hex       0%         N/A       93%         3
 Inner Flame              Hex/Fire       0%         N/A       93%         3
 Sigil of Binding         Hex            0%         N/A       93%         3
 Tukima's Dance           Hex            0%         N/A       93%         3
 Volatile Blastmotes      Fire/Tloc      0%         2d10      93%         3
 Cause Fear               Hex            0%         N/A       100%        4
 Dimensional Bullseye     Hex/Tloc       0%         N/A       100%        4
 Flame Wave               Conj/Fire      0%         2d4       100%        4
 Fulminant Prism          Conj/Alch      0%         3d5       100%        4
 Iskenderun's Mystic Bla  Conj/Tloc      0%         2d3       100%        4
 Manifold Assault         Tloc           0%         N/A       100%        4
 Olgreb's Toxic Radiance  Alch           0%         N/A       100%        4
 Passage of Golubria      Tloc           0%         N/A       100%        4
 Sticky Flame             Fire/Alch      0%         2d4       100%        4
 Vhi's Electric Charge    Tloc/Air       0%         N/A       100%        4
 Arcjolt                  Conj/Air       0%         1d10      100%        5
 Fireball                 Conj/Fire      0%         3d3       100%        5
 Yara's Violent Unravell  Hex/Alch       0%         3d3       100%        5
 Dispersal                Tloc           0%         N/A       100%        6
 Plasma Beam              Fire/Air       0%         2x1d10    100%        6
 Starburst                Conj/Fire      0%         6d3       100%        6
 Summon Cactus Giant      Summ           0%         N/A       100%        6
 Ozocubu's Refrigeration  Ice            0%         4d7       100%        7
 Discord                  Hex            0%         N/A       100%        8
 Disjunction              Tloc           0%         N/A       100%        8
 Maxwell's Capacitive Co  Air            0%         ∞         100%        8
 Dragon's Call            Summ           0%         N/A       100%        9


Dungeon Overview and Level Annotations

Branches:
Dungeon (15/15)            Temple (1/1) D:4            Lair (5/5) D:10
  Swamp (0/4) Lair:2        Snake (3/4) Lair:3        Slime (0/5) Lair:4
    Orc (2/2) D:10            Elf (0/3) Orc:2        Vaults (0/5) D:13
 Depths (0/4) D:15          Sewer (visited)          Bailey (visited)
Gauntlet (visited)

Altars:
Ashenzari
Cheibriados
Dithmenos
Elyvilon
Fedhas
Gozag
Hepliaklqana
Kikubaaqudgha
Makhleb
Nemelex Xobeh
Okawaru
Qazlal
Ru
Sif Muna
Trog
Uskayaw
Vehumet
Wu Jian
Xom
Yredelemnul
Zin
The Shining One
Jiyva

Shops:
D:1 !   D:3 (   D:5 [   D:6 *   D:12 (   D:14 :   Orc:2 [(!!   Snake:1 *

Annotations:
Snake:3 Saint Roka


Innate Abilities, Weirdness & Mutations

You can wield a second weapon in your off-hand.
It takes a long time for you to wield or remove held weapons.
Your first few attacks do less damage.
You cannot equip rings or amulets.


Message History

You are poisoned.
You resist.
You feel very sick.
The naga mage hits you but does no damage.
The naga mage grabs you. The naga mage constricts you.
* * * LOW HITPOINT WARNING * * *
The naga mage casts a spell.
The naga mage seems to speed up.
The naga mage constricts you.
There is a stone staircase leading up here.
You take 7 damage, and have 14/135 hp.
The naga mage's grasp on you weakens, but your attempt to escape fails.
You feel very sick. The naga mage barely misses you.
The naga mage constricts you. The naga spits poison at you.
The splash of poison hits you.
You are lethally poisoned!
You resist.
* * * LOW HITPOINT WARNING * * *
The naga mage barely misses you. The naga mage constricts you.
* * * LOW HITPOINT WARNING * * *
The naga barely misses you.
The naga mage gestures at you while chanting.
The bolt of poison misses you.
The orc warrior hits you but does no damage.
You take 10 damage, and have 4/135 hp.
You feel better.
The salamander seems to regain its courage.
The naga mage spits poison at you. The splash of poison hits you.
You are poisoned.
You resist.
* * * LOW HITPOINT WARNING * * *
The naga mage constricts you.
* * * LOW HITPOINT WARNING * * *
An orc comes into view. It is wielding a +0 club.
The naga mage casts a spell.
The naga mage seems to speed up.
The naga mage points at something and mumbles some strange words.
The salamander hits you from afar with a +0 halberd.
You die...

N..hN#......N....
#.........o.....#
#...............#
..?......##........o......#
...............N.S.........
...................)....N.§
.........N.....N.))..N.....
...............oNN......N..
#......?..#....N@..........
...N))....##....###........
N..N.<)...##..... ..N......
.NNNN≈....#..N....$........
.........N.................
.#......(..N..............
##...........##....####.
............ .....
............


You could see 4 salamanders, a shock serpent, 4 naga magi, an orc warrior, 2
nagas and 2 orcs.

Vanquished Creatures
  Rupert (Snake:1)
  Agnes (Snake:2)
  The ghost of DEFE the Bludgeoner, an adept CoFi of the Shining One (Snake:1)
  A fire giant (D:15)
  An orc warlord (Orc:1)
  The ghost of Mll the Geomancer, a journeyman GrEE of Sif Muna (D:15)
  A minotaur (Gauntlet)
  Azrael (D:13)
  Josephine (D:14)
  Fannar (Orc:1)
  3 salamander tyrants
  9 hydras
  9 anacondas
  An ice dragon (D:13)
  14 centaur warriors
  4 catoblepae
  5 boulder beetles
  A death knight (D:14)
  3 two-headed ogres
  17 death yaks
  2 tengu warriors (D:14)
  5 orc high priests (Orc:2)
  6 naga sharpshooters
  2 shock serpents (Snake:2)
  5 naga warriors
  A shadow wraith (D:13)
  A salamander mystic (Snake:2)
  An arcanist (D:10)
  3 skysharks (Lair:5)
  2 skeletal warriors
  6 mana vipers
  2 naga ritualists (Snake:1)
  10 orc knights
  A bog body (Lair:2)
  Pikel (D:5)
  A necromancer (D:13)
  2 deep elf pyromancers (D:14)
  2 deep elf zephyrmancers
  10 ugly things
  An orc sorcerer (D:15)
  5 cyclopes
  An oklob plant (Lair:5)
  10 manticores
  13 salamanders
  A rust devil (Gauntlet)
  13 black mambas
  2 kobold blastminers (Orc:1)
  16 elephants
  12 naga magi
  3 meliai (D:13)
  4 orange demons (D:13)
  2 guardian serpents
  4 torpor snails
  Joseph (D:8)
  3 gargoyles (D:12)
  10 cane toads
  An unseen horror (D:11)
  Jeremiah (D:6)
  2 rime drakes
  An efreet (D:15)
  10 komodo dragons
  A freezing wraith (D:14)
  9 trolls
  A hornet (D:10)
  A hornet (shapeshifter) (D:14)
  A wolf spider simulacrum (Gauntlet)
  6 polar bears
  24 blink frogs
  4 dream sheep (Lair:5)
  Sigmund (D:2)
  A ynoxinul (Gauntlet)
  2 centaur simulacra
  68 yaks
  4 wargs
  4 shadows
  10 basilisks
  4 fire elementals (D:13)
  2 vampires
  6 wyverns
  A fire bat (shapeshifter) (D:13)
  5 wraiths (D:14)
  A neqoxec (Gauntlet)
  3 vampire mosquitoes (D:12)
  A warg (shapeshifter) (D:14)
  3 chaos spawn (Gauntlet)
  A swamp worm (Lair:2)
  20 nagas
  Menkaure (D:7)
  3 acid dragons
  Edmund (D:6)
  3 hell hounds (D:13)
  13 water moccasins
  7 black bears
  2 ice beasts
  35 orc warriors
  A sky beast (D:6)
  An ice dragon simulacrum (Gauntlet)
  2 laughing skulls (D:14)
  7 ogres
  5 wolves (Lair:5)
  2 boggarts (D:15)
  8 centaurs
  3 phantoms (D:5)
  2 lemures (D:6)
  7 kobold brigands
  13 bullfrogs
  3 gnoll sergeants
  7 scorpions
  4 wights (D:8)
  5 killer bees
  4 electric eels
  5 howler monkeys
  A bombardier beetle (D:6)
  6 hounds
  Crazy Yiuf (D:3)
  26 orc priests
  3 iron imps (Gauntlet)
  2 sleepcaps
  16 orc wizards
  Ijyb (D:5)
  Terence (D:3)
  2 iguanas
  6 hell rats (Lair:3)
  A boggart simulacrum (Gauntlet)
  12 gnolls
  8 adders
  A white imp (D:7)
  2 ufetubi (D:6)
  A dart slug (D:1)
  2 ribbon worms
  77 orcs
  11 ball pythons
  10 endoplasms
  7 giant cockroaches
  16 goblins
  6 hobgoblins
  8 jackals
  26 kobolds
  6 quokkas
  8 bats
  3 frilled lizards
  3 rats
856 creatures vanquished.

Vanquished Creatures (others)
  A boggart (D:15)
1 creature vanquished.

Grand Total: 857 creatures vanquished

Notes
Turn   | Place    | Note
-------+----------+-------------------------------------------
     0 | D:1      | Dirtsage the Coglin Gladiator began the quest for the Orb.
     0 | D:1      | Reached XP level 1. HP: 16/16 MP: 1/1
    79 | D:1      | Found Jixzanergh's Distillery.
    96 | D:1      | Reached XP level 2. HP: 22/22 MP: 2/2
   267 | D:1      | Reached skill level 4 in Axes
   270 | D:1      | Reached XP level 3. HP: 15/27 MP: 3/3
   271 | D:1      | HP: 1/27 [hobgoblin (2)]
   931 | D:2      | Noticed Sigmund
   940 | D:2      | Killed Sigmund
   941 | D:2      | Reached skill level 6 in Axes
   941 | D:2      | Reached XP level 4. HP: 33/33 MP: 4/4
   941 | D:2      | Reached XP level 5. HP: 38/38 MP: 5/5
  1079 | D:2      | Reached XP level 6. HP: 43/43 MP: 6/6
  1453 | D:3      | Found a broken altar of Ashenzari.
  1510 | D:3      | Noticed Terence
  1515 | D:3      | Killed Terence
  1619 | D:3      | Found Hoecw's Antique Weapon Shoppe.
  1639 | D:3      | Reached skill level 7 in Axes
  1648 | D:3      | Found a glowing drain.
  1656 | Sewer    | Entered a sewer
  1769 | Sewer    | Reached XP level 7. HP: 37/50 MP: 7/7
  1922 | Sewer    | Reached skill level 8 in Axes
  2011 | D:3      | Identified the +10 hand axe of Cullaot {flame, rElec rF+
                  | Int+3 Dex+3}
  2180 | D:3      | Found a runed translucent door.
  2181 | D:3      | Noticed Crazy Yiuf
  2580 | D:3      | Killed Crazy Yiuf
  2770 | D:4      | Reached skill level 9 in Axes
  3049 | D:4      | Found a sacrificial altar of Ru.
  3055 | D:4      | Reached XP level 8. HP: 56/56 MP: 8/8
  3317 | D:4      | Found a staircase to the Ecumenical Temple.
  3326 | Temple   | Entered the Ecumenical Temple
  3344 | Temple   | Became a worshipper of Makhleb the Destroyer
  3677 | D:5      | Entered Level 5 of the Dungeon
  3678 | D:5      | Found Gugem's Armour Boutique.
  3717 | D:5      | Reached skill level 1 in Evocations
  3785 | D:5      | Reached skill level 10 in Axes
  3785 | D:5      | Reached skill level 1 in Armour
  3803 | D:5      | Found a stormy altar of Qazlal.
  4276 | D:5      | Found a glowing silver altar of Zin.
  4371 | D:5      | Noticed Ijyb
  4390 | D:5      | Killed Ijyb
  4653 | D:5      | Reached XP level 9. HP: 60/64 MP: 9/9
  4702 | D:6      | Noticed Edmund
  4712 | D:6      | Killed Edmund
  4723 | D:6      | Found an iron altar of Okawaru.
  4802 | D:6      | Reached * piety under Makhleb
  4928 | D:6      | Noticed Jeremiah
  5123 | D:6      | Noticed Pikel
  5214 | D:5      | Killed Pikel
  5215 | D:5      | Reached skill level 11 in Axes
  5215 | D:5      | Reached skill level 5 in Evocations
  5449 | D:6      | Killed Jeremiah
  5505 | D:6      | Found a bloodstained altar of Trog.
  5515 | D:6      | Reached XP level 10. HP: 68/73 MP: 10/10
  5584 | D:6      | Reached skill level 5 in Fighting
  5630 | D:6      | Found an ornate altar of the Wu Jian Council.
  5631 | D:6      | Found a sparkling altar of Nemelex Xobeh.
  5631 | D:6      | Found a shadowy altar of Dithmenos.
  5709 | D:6      | Found Kocwe's Serpentskin Sales.
  5957 | D:1      | Bought a potion of lignification for 30 gold pieces
  5957 | D:1      | Bought a potion of might for 40 gold pieces
  6073 | D:7      | Found a shimmering altar of Xom.
  6147 | D:7      | Found a basalt altar of Yredelemnul.
  6179 | D:7      | Noticed Menkaure
  6184 | D:7      | Killed Menkaure
  6362 | D:7      | Reached skill level 12 in Axes
  6905 | D:8      | Noticed Joseph
  6913 | D:8      | Killed Joseph
  6980 | D:8      | Reached ** piety under Makhleb
  7311 | D:8      | Found an opulent altar of Gozag.
  7352 | D:8      | Found a flagged portal.
  7365 | Bailey   | Entered a bailey
  7397 | Bailey   | Noticed an orc knight
  7426 | Bailey   | Killed an orc knight
  7655 | Bailey   | Found a large runed translucent door.
  7655 | Bailey   | Found a large runed translucent door.
  7656 | Bailey   | Noticed a deep elf zephyrmancer
  7758 | Bailey   | Killed a deep elf zephyrmancer
  7759 | Bailey   | Reached skill level 5 in Armour
  8172 | D:9      | Noticed a two-headed ogre
  8183 | D:9      | Killed a two-headed ogre
  8184 | D:9      | Reached XP level 11. HP: 81/83 MP: 11/11
  8328 | D:9      | Found a hide-covered altar of Uskayaw.
  8366 | D:9      | Identified the +2 robe of the True Pharaoh {Rampage rElec
                  | rF- rCorr}
  8470 | D:9      | Reached skill level 13 in Axes
  8795 | D:10     | Entered Level 10 of the Dungeon
  9058 | D:10     | Reached *** piety under Makhleb
  9103 | D:10     | Found a shimmering blue altar of Sif Muna.
  9208 | D:10     | Reached skill level 1 in Invocations
  9453 | D:10     | Found a staircase to the Lair.
  9453 | D:10     | Noticed an arcanist
  9456 | D:10     | Killed an arcanist
  9553 | D:10     | Found a staircase to the Orcish Mines.
  9570 | D:10     | Reached **** piety under Makhleb
 10180 | Lair:1   | Entered Level 1 of the Lair of Beasts
 10394 | Lair:1   | Noticed a death yak
 10412 | Lair:1   | Noticed a death yak
 10424 | Lair:1   | Noticed a death yak
 10426 | Lair:1   | Reached skill level 14 in Axes
 10426 | Lair:1   | Reached XP level 12. HP: 89/91 MP: 13/13
 10429 | Lair:1   | Killed a death yak
 10446 | Lair:1   | Killed a death yak
 10454 | Lair:1   | Killed a death yak
 10496 | Lair:1   | Reached skill level 10 in Evocations
 10689 | Lair:1   | Noticed a death yak
 10765 | Lair:1   | Killed a death yak
 10944 | Lair:1   | Found a hazy altar of Hepliaklqana.
 11192 | Lair:1   | Reached skill level 15 in Axes
 11363 | Lair:2   | Reached XP level 13. HP: 80/100 MP: 16/16
 12019 | Lair:2   | Reached ***** piety under Makhleb
 12132 | Lair:2   | Found a staircase to the Swamp.
 12402 | Lair:3   | Reached skill level 5 in Invocations
 12562 | Lair:3   | Reached skill level 16 in Axes
 12567 | Lair:3   | Reached skill level 1 in Shapeshifting
 13042 | Lair:3   | Saving game... please wait.
 13216 | Lair:3   | Found a staircase to the Snake Pit.
 13673 | Lair:4   | Reached XP level 14. HP: 99/109 MP: 18/18
 13677 | Lair:4   | Acquired a NW-60 neoencabulator {RevParry, rC+ Will+}
 14094 | Lair:4   | Found a viscous altar of Jiyva.
 14094 | Lair:4   | Found a staircase to the Slime Pits.
 14315 | Lair:4   | Reached skill level 10 in Fighting
 14856 | Lair:5   | Entered Level 5 of the Lair of Beasts
 15586 | Lair:5   | Reached ****** piety under Makhleb
 15935 | Lair:5   | Reached skill level 5 in Shapeshifting
 15941 | Lair:5   | Reached skill level 17 in Axes
 16014 | Lair:5   | Reached XP level 15. HP: 117/117 MP: 19/19
 16447 | Lair:5   | Reached skill level 5 in Dodging
 16805 | Orc:1    | Entered Level 1 of the Orcish Mines
 16805 | Orc:1    | Noticed Fannar
 16822 | Orc:1    | Killed Fannar
 16892 | Orc:2    | Entered Level 2 of the Orcish Mines
 16930 | Orc:2    | Found a staircase to the Elven Halls.
 17115 | Orc:2    | Identified a scroll of acquirement
 17115 | Orc:2    | Acquired the +0 pair of gloves of Koinorux {Rampage rC++}
 18294 | Orc:2    | Found Wafuann's Antique Armour Shoppe.
 18294 | Orc:2    | Found Oshrokuc's Distillery.
 18295 | Orc:2    | Found Lawaile's Antique Weapon Shoppe.
 18295 | Orc:2    | Found Votoejypiv's Distillery.
 18303 | Orc:2    | Bought a bloodstained war axe for 212 gold pieces
 18303 | Orc:2    | Identified the +1 war axe of the Jumping Spider {vamp, rF-
                  | Will+ Str+2} (You bought it in a shop on level 2 of the
                  | Orcish Mines)
 18315 | Orc:2    | Bought a potion of curing for 42 gold pieces
 18315 | Orc:2    | Bought a potion of curing for 42 gold pieces
 18315 | Orc:2    | Bought a potion of lignification for 42 gold pieces
 18315 | Orc:2    | Bought a potion of curing for 42 gold pieces
 18316 | Orc:2    | Bought a potion of degeneration for 15 gold pieces
 18316 | Orc:2    | Bought a potion of heal wounds for 75 gold pieces
 18316 | Orc:2    | Bought a potion of invisibility for 120 gold pieces
 18316 | Orc:2    | Bought a potion of attraction for 45 gold pieces
 18316 | Orc:2    | Bought a potion of heal wounds for 75 gold pieces
 18652 | Orc:1    | Noticed an orc warlord
 18668 | Orc:1    | Killed an orc warlord
 18928 | D:11     | Found a gate leading to a gauntlet.
 18940 | Gauntlet | Entered a Gauntlet
 18940 | Gauntlet | Found a transporter.
 18949 | Gauntlet | Found a transporter.
 18964 | Gauntlet | Found a transporter.
 18969 | Gauntlet | Found a transporter.
 18986 | Gauntlet | Found a transporter.
 19003 | Gauntlet | Found a transporter.
 19015 | Gauntlet | Found a transporter.
 19027 | Gauntlet | Found a transporter.
 19033 | Gauntlet | Found a transporter.
 19033 | Gauntlet | Found a transporter.
 19052 | Gauntlet | Found a transporter.
 19064 | Gauntlet | Found a transporter.
 19081 | Gauntlet | Found a transporter.
 19099 | Gauntlet | Found a transporter.
 19101 | Gauntlet | Found a transporter.
 19128 | Gauntlet | Found a transporter.
 19130 | Gauntlet | Found a transporter.
 19152 | Gauntlet | Found a transporter.
 20061 | D:11     | Found a faded altar of an unknown god.
 20062 | D:11     | Found a hazy altar of Hepliaklqana.
 20437 | D:12     | Reached skill level 10 in Armour
 20735 | D:12     | Found Naruc's Antique Weapon Boutique.
 21113 | D:12     | Found a glowing golden altar of the Shining One.
 21533 | D:13     | Reached XP level 16. HP: 124/125 MP: 21/21
 21602 | D:13     | Found a gate to the Vaults.
 21796 | D:13     | Noticed Azrael
 21819 | D:13     | Killed Azrael
 22600 | D:14     | Found Syrapteg's Book Shop.
 22699 | D:14     | Reached skill level 18 in Axes
 23110 | D:14     | Noticed Josephine
 23115 | D:14     | Killed Josephine
 23892 | D:15     | Entered Level 15 of the Dungeon
 24002 | D:15     | Found a staircase to the Depths.
 24358 | D:15     | Found a runed translucent door.
 24358 | D:15     | Noticed Mll's ghost (journeyman GrEE)
 24847 | D:15     | Killed Mll's ghost
 25116 | Snake:1  | Entered Level 1 of the Snake Pit
 25397 | Snake:1  | Noticed Rupert
 25411 | Snake:1  | Killed Rupert
 25527 | Snake:1  | Found a transporter.
 25541 | Snake:1  | Noticed DEFE's ghost (adept CoFi)
 25543 | Snake:1  | Reached XP level 17. HP: 133/133 MP: 23/23
 25572 | Snake:1  | Found a transporter.
 25879 | Snake:1  | Found Zepsynixt's General Store.
 26025 | Snake:1  | Bought a potion of mutation for 128 gold pieces
 26025 | Snake:1  | Bought a scroll of butterflies for 64 gold pieces
 26025 | Snake:1  | Bought a scroll of acquirement for 832 gold pieces
 26027 | Snake:1  | Acquired the +7 broad axe of Checkmate {holy, rElec Str+2
                  | Stlth+}
 26121 | Snake:1  | Killed DEFE's ghost
 27657 | Snake:3  | Reached skill level 10 in Shapeshifting
 27886 | Snake:3  | Noticed Agnes
 27894 | Snake:2  | HP: 4/135 [naga warrior/+0 flail (5)]
 27895 | Snake:2  | Killed Agnes
 28163 | Snake:3  | Noticed Saint Roka
 28168 | Snake:3  | HP: 4/135 [constriction (4)]
 28169 | Snake:3  | Slain by a salamander

Illustrated notes

Levels and vault maps discovered:
D:1:      dpeg_arrival_castle, layout_basic, serial_shops,
          nicolae_shop_tiny_statue_garden, minmay_ruptured
D:2:      layout_basic, uniq_sigmund
D:3:      layout_loops_corners, cheibrodos_ashenzari_chains,
          mainiacjoe_sewer_entry_somewhere_in_here_1, serial_shops, shop,
          serial_park_tiny_2, uniq_crazy_yiuf_cottage, uniq_terence
D:4:      layout_layer_cave, nicolae_ru_great_annihilating_truth,
          minmay_temple_entry_grid
D:5:      layout_cave_pods, old_standard_altar, mainiacjoe_overflow_24_doors,
          serial_shops, shop, minmay_misc_feat_diagonals,
          kennysheep_cluttered_room, uniq_ijyb
D:6:      layout_basic, trog_three_pillars_becter, okawaru_gym_becter,
          chequers_temple_overflow_statue_of_worship, guppyfry_shop_venom,
          uniq_edmund, uniq_pikel, uniq_jeremiah
D:7:      layout_basic, mainiacjoe_overflow_paths,
          mainiacjoe_overflow_tiny_flanked, uniq_menkaure
D:8:      layout_basic, nicolae_overflow_hidden_temple, enter_bailey_3,
          supply_closet_lemuel, uniq_joseph
D:9:      layout_loops_cross, mainiacjoe_overflow_alcove_2
D:10:     layout_stronghold, mainiacjoe_overflow_brackets, lair_entry_dummy,
          kennysheep_orc_monster_closet_entryway, minmay_starry_boxes
D:11:     layout_small_grid, gauntlet_entry_generic, abandoned_shop,
          beargit_hepliaklqana_dungeon_heroes
D:12:     layout_basic, serial_shops, nicolae_shop_rolling_square,
          nicolae_tso_carved_into_rock
D:13:     layout_basic, david_vaults_4, einodemon_barbed_minivault, uniq_azrael
D:14:     minmay_the_grid_octo_tiled_octocenter [minmay_the_grid_octo_clover,
          minmay_the_grid_octo_checkered, minmay_the_grid_octo_teeth,
          minmay_the_grid_octo_fan_narrow, minmay_the_grid_octo_prize_big_c,
          minmay_the_grid_square_5x5_inner_i,
          minmay_the_grid_square_5x5_two_small,
          minmay_the_grid_square_5x5_six_small,
          minmay_the_grid_square_5x5_two_walls_a], layout_basic,
          nrook_pool_corridor, serial_shops, nicolae_shop_window_shopping,
          uniq_josephine
D:15:     grunt_enter_depths_giant_problem, layout_loops_ring,
          nicolae_the_louvre, gammafunk_ghost_grave
Temple:   hellmonk_temple_forest_ring
Lair:1:   beast_lair_carwin_large_3, layout_long_grid, basic_altar,
          nicolae_lair_grazing_beasts [nicolae_sub_lair_graze_edge,
          nicolae_sub_lair_graze_edge, nicolae_sub_lair_graze_edge,
          nicolae_sub_lair_graze_edge], grunt_megastairs_3
Lair:2:   layout_concentric_octagons, nicolae_swamp_entry_splash_gauntlet,
          pdpol_lair_cavern_descent
Lair:3:   layout_small_grid, alex1729_snake_entry_snake
Lair:4:   layout_roguey, slime_entry_1, nicolae_lair_yak_garden,
          serial_bayou_shore_b, grunt_megastairs_2, lemuel_fruit_fields
Lair:5:   evilmike_catoblepas_cave, layout_cave_pods
Snake:1:  layout_grid_shapes, serial_shops, shop, gammafunk_ghost_arena,
          uniq_rupert
Snake:2:  layout_cave_pods, serial_bayou_shore_b, nicolae_integral_box
Snake:3:  layout_cave_shapes, portal_ice_cave_entry_pillars_four, uniq_agnes,
          uniq_saint_roka, uniq_louise
Orc:1:    layout_diamond_mine, uniq_fannar
Orc:2:    st_orc_pillars, layout_caves

Skill      XL: |  1  2  3  4  5  6  7  8  9 10 11 12 13 14 15 16 17 |
---------------+----------------------------------------------------+-----
Axes           | 4 6 7 9 10 11 12 14 15 16 17 18 | 18.0
Evocations     | 3 5 7 9 10 11 | 11.7
Armour         | 2 3 5 6 7 8 9 10 11 | 11.5
Fighting       | 3 4 6 7 8 9 10 11 12 | 12.7
Invocations    | 2 4 5 6 7 8 |  8.8
Shapeshifting  | 2 5 7 9 10 | 10.1
Dodging        | 3 4 6 7 8 |  8.1
Throwing       | |  1.7

Action                     |  1- 3 |  4- 6 |  7- 9 | 10-12 | 13-15 | 16-18 || total
---------------------------+-------+-------+-------+-------+-------+-------++-------
  Melee: War axe           |    52 |    76 |   135 |    71 |   247 |   396 ||   977
         Dagger            |       |    71 |    20 |       |       |       ||    91
         Hand axe          |       |       |   136 |   638 |  1541 |   549 ||  2864
         Unarmed           |       |       |     5 |       |       |       ||     5
         Broad axe         |       |       |       |       |       |   146 ||   146
  Throw: Throwing net      |     1 |       |       |       |       |       ||     1
         Dart              |       |       |     1 |     2 |     2 |       ||     5
Ability: Invent Gizmo      |       |       |       |       |     1 |       ||     1
  Evoke: Wand              |       |       |     1 |     1 |     7 |       ||     9
         Phial of floods   |       |       |       |     1 |       |       ||     1
    Use: Scroll            |       |     3 |     5 |    13 |     8 |     4 ||    33
         Potion            |       |       |       |     3 |     2 |    11 ||    16
   Stab: Sleeping          |     1 |       |       |       |       |     1 ||     2
         Held in net/web   |     2 |       |       |       |       |       ||     2
         Paralysed         |       |       |     1 |     2 |       |       ||     3
         Distracted        |       |       |       |       |     2 |       ||     2
 Armour: Ring mail         |    34 |    52 |   110 |   232 |   520 |       ||   948
         Leather armour    |    10 |       |       |       |       |       ||    10
         Skin              |       |       |     4 |       |       |       ||     4
         Scale mail        |       |       |       |       |   118 |   618 ||   736
         Chain mail        |       |       |       |       |    31 |       ||    31
  Dodge: Dodged            |    33 |    55 |    84 |   155 |   415 |   334 ||  1076

Table legend: (Time is in decaauts)
 A = Elapsed time spent in this place.
 B = Non-inter-level travel time spent in this place.
 C = Inter-level travel time spent in this place.
 D = Time resting spent in this place.
 E = Time spent auto-exploring this place.
 F = Levels seen in this place.
 G = Mean time per level.
                   A        B        C        D        E       F      G
               +--------+--------+--------+--------+--------+-----+--------+
         Total |  27598 |  25473 |   2125 |   2112 |  19184 |  29 |  951.7 |
       Dungeon |  14885 |  13394 |   1491 |    693 |  10747 |  15 |  992.3 |
        Temple |     36 |      2 |     34 |      0 |      0 |   1 |   36.0 |
          Lair |   6384 |   5952 |    432 |    380 |   4624 |   5 | 1276.8 |
     Snake Pit |   2964 |   2896 |     68 |    664 |   1830 |   3 |  988.0 |
  Orcish Mines |   1949 |   1851 |     98 |    273 |   1193 |   2 |  974.5 |
         Sewer |    318 |    318 |      0 |      0 |    212 |   1 |  318.0 |
        Bailey |    475 |    475 |      0 |     97 |    226 |   1 |  475.0 |
      Gauntlet |    584 |    584 |      0 |      3 |    351 |   1 |  584.0 |
               +--------+--------+--------+--------+--------+-----+--------+

Top non-repeatable levels by time:
 Snake:2: 1856 daAuts
  Lair:5: 1754 daAuts
     D:5: 1480 daAuts
    D:10: 1451 daAuts
  Lair:3: 1366 daAuts
    D:13: 1325 daAuts
    D:14: 1264 daAuts
   Orc:2: 1263 daAuts
  Lair:4: 1183 daAuts
  Lair:1: 1110 daAuts
     D:4: 1096 daAuts
     D:3: 1088 daAuts
 Snake:1: 1072 daAuts
    D:15: 991 daAuts
  Lair:2: 969 daAuts
